 Dungeon Crawl Stone Soup version 0.18-b1-10-g3f7de93 (webtiles) character file.

26 SkaryMonk the Sneak (level 3, 24/24 HPs)
             Began as an Octopode Assassin on Apr 29, 2016.
             Quit the game on level 2 of the Dungeon.
             The game lasted 00:01:48 (782 turns).

SkaryMonk the Sneak (Octopode Assassin)              Turns: 782, Time: 00:01:48

Health: 24/24      AC:  1    Str: 10    XL:     3   Next: 8%
Magic:  3/3        EV: 12    Int: 13    God:
Gold:   39         SH:  0    Dex: 14    Spells: 0 memorised, 2 levels left

rFire  . . .     SeeInvis .     g - -2 short sword (curse)
rCold  . . .     Gourm    .     (no shield)
rNeg   . . .     Faith    .     (helmet restricted)
rPois  .         Spirit   .     (no amulet)
rElec  .         Dismiss  .     e - ring of stealth
rCorr  .         Reflect  .     (no ring)
SustAt .         Harm     .     (no ring)
MR     .....                    (no ring)
Stlth  +++++.....               (no ring)
                                (no ring)
                                (no ring)
                                (no ring)

@: not resistant to hostile enchantments, quite stealthy
A: almost no armour, amphibious, 8 rings, constrict 8, camouflage 1, gelatinous
body 1
a: no special abilities


You were on level 2 of the Dungeon.
You were not hungry.

You visited 1 branch of the dungeon, and saw 2 of its levels.

You collected 39 gold pieces.

Notes
Turn   | Place    | Note
--------------------------------------------------------------
     0 | D:1      | SkaryMonk the Octopode Assassin began the quest for the Orb.
     0 | D:1      | Reached XP level 1. HP: 14/14 MP: 1/1
   267 | D:1      | Reached XP level 2. HP: 17/19 MP: 2/2
   679 | D:2      | Reached XP level 3. HP: 24/24 MP: 3/3
   782 | D:2      | Quit the game

Inventory:

Hand Weapons
 a - a +2 dagger
 b - a +0 blowgun
 g - a cursed -2 short sword (weapon)
Missiles
 c - 8 poisoned needles
 d - 2 curare-tipped needles
Jewellery
 e - a ring of stealth (left tentacle)
Comestibles
 f - 2 bread rations
 m - 2 chunks of flesh

Table legend:
 A = Turns spent in this place as a percentage of turns spent in the entire game.
 B = Non-inter-level travel turns spent in this place as a percentage of non-inter-level travel turns spent in the entire game.
 C = Inter-level travel turns spent in this place as a percentage of turns spent in this place.
 D = Turns resting spent in this place as a percentage of non-inter-level travel turns spent in this place.
 E = Turns spent auto-exploring this place as a percentage of non-inter-level travel turns spent in this place.
 F = Non-inter-level travel turns spent in this place divided by the number of levels of this place that you've seen.
                   A       B       C       D       E      F
               +-------+-------+-------+-------+-------+----------------------
         Total | 100.0 | 100.0 |   1.5 |   0.0 |  16.8 |  65.5
       Dungeon | 100.0 | 100.0 |   1.5 |   0.0 |  16.8 |  65.5
               +-------+-------+-------+-------+-------+----------------------


   Skills:
 - Level 2.0 Fighting
 + Level 3.4 Short Blades
 - Level 2.0 Throwing
 - Level 1.0 Dodging
 - Level 5.3 Stealth


You had 2 spell levels left.
You didn't know any spells.

Dungeon Overview and Level Annotations

Branches:
Dungeon (2/15)

Altars:


Innate Abilities, Weirdness & Mutations

You cannot wear most types of armour.
You are amphibious.
You can wear up to eight rings at the same time.
You can use your tentacles to constrict eight enemies at once.
Your skin changes colour to match your surroundings (Stealth).
Your rubbery body absorbs attacks (AC +1).


Message History

Read which item? (? for menu, Esc to quit)
As you read the scroll labeled EWUOLOETOPH, it crumbles to dust.
It is a scroll of recharging.
You aren't carrying any rechargeable items.
Read which item? (? for menu, Esc to quit)
Enchant which weapon? (? for menu, Esc to quit)
As you read the scroll of enchant weapon, it crumbles to dust.
Your cursed -3 short sword glows red for a moment.
Drop what? 8/52 slots (_ for help) (? for menu, Esc to quit)
The cursed -2 short sword is stuck to you!
You can't unwield your weapon to draw a new one!
f - 2 bread rations (gained 1)
You now have 39 gold pieces (gained 5).
Your magical contamination has completely faded away.
There is a stone staircase leading up here.
A goblin comes into view.
Found a scroll of identify.
You swing at nothing.
You swing at nothing.
Are you sure you want to abandon this character and quit the game? (Confirm with "yes".)

###***### #..,,,..# #.#***#.# #.#
#.# #.# #.# #.# #.#
*********############.#####.#####
,,,,,,,,,.....................>..
**********####..@####.#####.#..##
#...# #.# #.#..## #...# #.#
#.#.... *******#...#* #.# #.##.##
*,,,,,,.....* #.# #.#...รท
*,,,,,....#.* #.# #.#....
*,,,,.....*.* #.#***#.#...<
*,,,.?.g..*.# *,**,,..#.###
***********,***,,,,,,,###


You could see a goblin (sleeping).

Table legend:
 A = Kills in this place as a percentage of kills in entire the game.
 B = Kills by you in this place as a percentage of kills by you in the entire game.
 C = Kills by friends in this place as a percentage of kills by friends in the entire game.
 D = Other kills in this place as a percentage of other kills in the entire game.
 E = Experience gained in this place as a percentage of experience gained in the entire game.
 F = Experience gained in this place divided by the number of levels of this place that you have seen.
                   A       B       C       D       E      F
               +-------+-------+-------+-------+-------+----------------------
         Total | 100.0 | 100.0 |  -nan |  -nan | 100.0 |  19.0
       Dungeon | 100.0 | 100.0 |  -nan |  -nan | 100.0 |  19.0
               +-------+-------+-------+-------+-------+----------------------

Vanquished Creatures
  An adder (D:2)
  2 dart slugs (D:1)
  A giant gecko (D:1)
  A giant cockroach (D:2)
  3 hobgoblins (D:1)
  2 bats (D:1)
  A giant newt (D:1)
  A kobold (D:1)
  2 rats (D:1)
14 creatures vanquished.

Action                   || total
-------------------------++-------
Melee: Dagger            ||    16
       Constrict         ||     2
       Tentacles         ||     2
  Use: Scroll            ||     5
 Stab: Sleeping          ||    10
Dodge: Dodged            ||     2

Vault maps used:
D:1:      dpeg_arrival_ternary
D:2:      first_bread, grunt_ministairs_15, uniq_iyjb
